Map: Lerilak Crest

Players

PtitDrogo - Winner!

  • Race: Protoss Protoss
  • League: Grandmaster

MarineLorD

  • Race: Terran Terran
  • League: Grandmaster

Event: 2016 WCS Winter Challenger Europe

VOD

https://www.youtube.com/watch?v=0W9ezi75FIk

Description

Time

  • Played on: Feb. 13, 2016, 10:57 a.m.
  • Length: 12:25

All games in this series

Show
View Real Time Build Order
Export as new Build Order

PtitDrogo Protoss - Winner!

Build Orders: 1 Gate Expand, Blink Stalkers 

Get SALT Encoding   

  12  0:01  Probe (Chrono Boost)  
  13  0:11  Probe (Chrono Boost)  
  14  0:17  Pylon  
  14  0:22  Probe (Chrono Boost)  
  15  0:36  Probe (Chrono Boost), Gateway  
  15  0:41  Assimilator  
  16  0:46  Probe (Chrono Boost)  
  18  0:57  Probe (Chrono Boost)  
  18  1:07  Probe (Chrono Boost)  
  19  1:19  Nexus  
  19  1:24  Probe (Chrono Boost)  
  20  1:32  Cybernetics Core  
  20  1:34  Probe (Chrono Boost)  
  20  1:39  Assimilator  
  21  1:45  Probe (Chrono Boost)  
  22  1:51  Pylon  
  22  1:55  Probe (Chrono Boost)  
  23  2:06  Probe (Chrono Boost)  
  23  2:08  Warp Gate  
  23  2:09  Adept (Chrono Boost)  
  25  2:17  Probe  
  26  2:24  Robotics Facility  
  27  2:30  Probe  
  27  2:33  Probe, Stalker (Chrono Boost)  
  30  2:43  Probe  
  30  2:44  Probe  
  32  2:54  Probe  
  32  2:55  Probe  
  32  2:57  Twilight Council  
  34  3:05  Probe  
  34  3:07  Probe  
  34  3:12  Observer (Chrono Boost)  
  37  3:15  Probe  
  37  3:19  Probe, Pylon  
  39  3:26  Probe  
  39  3:31  Probe, Observer (Chrono Boost)  
  42  3:37  Probe  
  43  3:44  Probe, Blink (Chrono Boost)  
  44  3:48  Nexus  
  44  3:49  Probe  
  44  3:54  Observer  
  45  3:56  Probe  
  45  4:02  Probe, Gateway  
  48  4:03  Gateway  
  48  4:07  Assimilator  
  48  4:10  Probe  
  48  4:11  Assimilator  
  48  4:16  Pylon, Mothership Core  
  51  4:22  Probe  
  52  4:31  Stalker  
  52  4:33  Pylon  
  52  4:34  Probe (Chrono Boost)  
  52  4:36  Pylon  
  56  4:39  Probe (Chrono Boost)  
  56  4:42  Pylon  
  57  4:45  Probe (Chrono Boost)  
  57  4:51  Probe (Chrono Boost)  
  55  5:06  Stalker x3  
  61  5:13  Probe (Chrono Boost)  
  63  5:15  Probe (Chrono Boost)  
  63  5:17  Probe (Chrono Boost)  
  63  5:18  Warp Prism  
  63  5:24  Probe (Chrono Boost)  
  63  5:27  Probe x2 (Chrono Boost)  
  68  5:31  Stalker x3  
  68  5:32  Pylon  
  68  5:35  Probe (Chrono Boost)  
  75  5:38  Probe (Chrono Boost)  
  75  5:39  Probe (Chrono Boost)  
  77  5:44  Forge  
  77  5:45  Probe (Chrono Boost), Forge  
  77  5:48  Probe (Chrono Boost)  
  79  5:52  Probe (Chrono Boost)  
  79  5:55  Sentry x2  
  84  5:57  Resonating Glaives (Chrono Boost)  
  84  5:58  Probe (Chrono Boost)  
  84  5:59  Probe  
  84  6:03  Probe  
  85  6:08  Probe  
  84  6:11  Probe  
  84  6:15  Probe  
  86  6:18  Stalker x2  
  86  6:19  Probe, Stalker  
  86  6:23  Probe  
  94  6:28  Probe, Immortal  
  94  6:31  Probe, Assimilator x2  
  94  6:32  Protoss Ground Armor Level 1 (Chrono Boost), Protoss Ground Weapons Level 1 (Chrono Boost)  
  95  6:35  Probe  
  98  6:40  Probe  
  98  6:42  Pylon  
  98  6:44  Pylon  
  99  6:47  Templar Archives  
  99  6:49  Adept x3  
  105  6:59  Probe  
  106  7:13  Gateway  
  106  7:15  Gateway  
  106  7:17  Gateway  
  106  7:19  Gateway  
  106  7:21  Adept x3, Gateway  
  112  7:25  Pylon  
  112  7:36  Immortal  
  112  7:41  Stalker  
  112  7:42  Stalker x2  
  106  8:05  Stalker x3  
  110  8:12  Photon Cannon  
  110  8:14  Photon Cannon  
  110  8:15  Photon Cannon  
  110  8:17  Nexus  
  110  8:18  Stalker x2  
  110  8:19  Stalker x2, Immortal  
  118  8:26  Protoss Ground Weapons Level 2 (Chrono Boost)  
  122  8:29  Pylon  
  122  8:32  Pylon, Psionic Storm  
  122  8:33  Protoss Ground Armor Level 2 (Chrono Boost)  
  122  8:40  Pylon  
  122  8:46  High Templar  
  122  8:48  High Templar x3  
  130  8:58  Observer, Photon Cannon  
  131  9:03  High Templar  
  131  9:04  Adept x3  
  131  9:07  Gateway x2  
  139  9:13  Assimilator  
  139  9:15  Immortal, Assimilator  
  139  9:16  Photon Cannon  
  139  9:20  Adept x2  
  139  9:21  Adept x2  
  149  9:49  Immortal  
  149  9:52  Stalker x3  
  153  9:53  Stalker x3  
  153  9:58  Stargate  
  165  10:01  High Templar  
  165  10:06  High Templar  
  169  10:18  Pylon  
  169  10:20  Pylon  
  169  10:22  Pylon  
  167  10:28  Stalker  
  167  10:29  Stalker  
  149  10:59  Immortal  
  153  11:06  Adept x2  
  153  11:07  Adept x7  
  153  11:08  Adept  
  143  11:33  Stalker  
  143  11:34  Stalker x4  
  143  11:35  Stalker x2  
  125  11:49  Archon  
  125  11:50  Adept x3  
  124  12:01  Stalker x2  
  124  12:02  Stalker x2  
  132  12:15  Adept x2  
  132  12:16  Nexus, Adept  
Show
View Real Time Build Order
Export as new Build Order

MarineLorD Terran 

Build Orders: Liberator Opening, Reaper Expand, MMM Bio 

Get SALT Encoding   

  12  0:00  SCV  
  13  0:12  SCV  
  14  0:17  Supply Depot  
  14  0:25  SCV  
  15  0:38  SCV  
  15  0:40  Barracks  
  16  0:43  Refinery  
  16  0:50  SCV  
  17  1:02  SCV  
  18  1:15  SCV  
  19  1:27  Reaper, Orbital Command  
  20  1:41  Command Center  
  20  1:53  SCV  
  21  1:55  Supply Depot  
  21  1:59  Barracks Reactor  
  21  2:05  SCV  
  22  2:17  SCV  
  22  2:21  Factory  
  23  2:28  Refinery  
  23  2:29  SCV  
  24  2:35  Marine x2  
  26  2:41  SCV  
  27  2:53  Orbital Command, SCV, Marine x2  
  30  2:59  Bunker  
  30  3:05  SCV, Widow Mine, Starport  
  33  3:10  Marine  
  33  3:11  Marine  
  35  3:17  SCV  
  36  3:21  SCV  
  36  3:22  Supply Depot  
  37  3:29  SCV, Marine x2  
  37  3:33  SCV, Widow Mine  
  43  3:41  SCV  
  43  3:45  SCV  
  43  3:46  Supply Depot, Medivac  
  47  3:49  Marine x2  
  47  3:54  SCV  
  50  3:57  Engineering Bay  
  50  3:58  SCV  
  50  3:59  Liberator  
  51  4:05  Factory Tech Lab  
  51  4:06  SCV  
  51  4:07  Marine  
  51  4:08  Marine  
  54  4:10  SCV  
  58  4:18  SCV  
  58  4:22  SCV  
  58  4:23  Missile Turret  
  60  4:25  Missile Turret  
  60  4:29  Marine  
  60  4:30  SCV  
  62  4:49  Supply Depot  
  62  4:56  SCV  
  62  4:59  Command Center  
  62  5:02  Liberator  
  62  5:05  Supply Depot  
  62  5:06  Supply Depot  
  62  5:10  Siege Tank, SCV x2, Marine x2  
  69  5:19  Refinery  
  69  5:20  Refinery  
  70  5:22  SCV x2  
  70  5:27  Terran Infantry Weapons Level 1  
  70  5:28  Marine x2  
  72  5:30  Supply Depot  
  72  5:31  Supply Depot  
  72  5:34  SCV  
  73  5:35  SCV  
  73  5:42  Barracks  
  74  5:44  Barracks  
  74  5:45  Siege Tank  
  74  5:47  SCV  
  74  5:48  SCV  
  74  5:49  Marine x2  
  81  5:59  SCV  
  81  6:00  SCV  
  83  6:07  Marine x2  
  83  6:11  SCV  
  80  6:12  SCV  
  80  6:15  Supply Depot, Orbital Command  
  81  6:20  Siege Tank  
  81  6:23  SCV  
  81  6:24  SCV  
  81  6:25  Marine x2  
  88  6:29  Barracks Tech Lab  
  88  6:30  Starport Reactor  
  88  6:31  Barracks Tech Lab  
  88  6:35  SCV  
  88  6:36  SCV  
  90  6:43  Barracks  
  90  6:44  Barracks, Marine x2  
  90  6:47  SCV x2  
  93  6:48  SCV  
  93  6:50  Marauder  
  93  6:51  Stimpack  
  93  6:52  Combat Shields  
  97  6:59  SCV  
  97  7:00  Factory Reactor, SCV x2  
  100  7:08  Marauder  
  102  7:11  SCV  
  102  7:12  SCV x2  
  102  7:13  Refinery  
  105  7:17  Refinery, Medivac  
  105  7:20  Medivac  
  105  7:22  Terran Infantry Armor Level 1  
  108  7:24  SCV x2  
  108  7:25  Marauder, Marine  
  108  7:28  Marine  
  112  7:33  Marauder  
  101  7:44  Marine  
  101  7:46  Marauder  
  101  7:50  Liberator  
  93  7:51  Orbital Command, Marine  
  93  7:55  Marauder  
  89  8:02  Marine  
  89  8:05  SCV x2  
  92  8:08  Marauder  
  92  8:12  Missile Turret  
  97  8:17  SCV x2  
  97  8:18  Barracks Reactor  
  99  8:20  Marine x2  
  99  8:21  Marauder, SCV  
  104  8:29  SCV x2  
  104  8:32  Marauder  
  104  8:33  Marauder, SCV  
  111  8:35  Widow Mine x2  
  111  8:36  Liberator  
  111  8:37  Liberator  
  111  8:41  Supply Depot, SCV x2  
  116  8:42  Supply Depot x2  
  116  8:46  SCV  
  118  8:48  Armory  
  118  8:49  Engineering Bay  
  118  8:53  SCV  
  125  8:58  Concussive Shells  
  125  9:02  Marine  
  128  9:03  Marauder, SCV  
  128  9:04  Supply Depot, SCV  
  128  9:05  Supply Depot, SCV  
  128  9:09  Missile Turret  
  131  9:11  Marauder, Marine x3  
  131  9:12  Marine  
  137  9:18  SCV  
  137  9:19  Supply Depot  
  137  9:20  SCV  
  137  9:22  Starport  
  137  9:23  SCV  
  137  9:24  Marine x2  
  140  9:25  Liberator x2  
  140  9:29  Marine  
  143  9:32  Marauder  
  147  9:42  Marauder  
  155  9:50  Terran Infantry Weapons Level 2, Terran Infantry Armor Level 2  
  155  9:52  Marine  
  154  9:53  Command Center, Marine  
  154  9:56  Marine x2  
  157  10:01  Marauder, Marine  
  160  10:09  Marauder, Liberator  
  160  10:10  Marine  
  163  10:15  Supply Depot x2  
  163  10:17  Supply Depot  
  163  10:18  Supply Depot  
  163  10:19  Marauder  
  163  10:20  Marine x2  
  167  10:23  Marauder  
  172  10:30  Marine  
  172  10:35  Marauder  
  172  10:38  Marine  
  172  10:41  Marauder  
  167  10:44  Marauder, Marine  
  167  10:45  Ghost Academy  
  167  10:46  Marine  
  164  10:52  Medivac  
  164  10:56  Marauder  
  157  11:00  Medivac  
  157  11:01  Medivac  
  157  11:02  Marauder  
  163  11:06  Marauder  
  163  11:09  Medivac, Marine  
  167  11:12  Marine  
  167  11:17  Marauder  
  167  11:18  Marine x2  
  161  11:24  Marauder  
  158  11:26  Marine  
  158  11:27  Marauder  
  158  11:29  Marine  
  145  11:36  Marine x2  
  145  11:39  Marauder  
  132  11:44  Marine  
  132  11:45  Marauder  
  113  11:48  Marauder  
  113  11:49  Marine  
  104  11:55  Marine x2  
  104  12:00  Marauder  
  100  12:02  Marine  
  100  12:07  Marine  
Tags
 
Add a new tag
Caveats
  • Supply blocks, unpowered buildings, or Contaminate may cause inaccurate times.
  • Supply counts are checked every 10 seconds.